 Dungeon Crawl Stone Soup version 0.23-a0-417-gf02c810 (webtiles) character file.

9110 Bacchus the Cleaver (level 11, -1/79 HPs)
             Began as a Centaur Gladiator on Nov 10, 2018.
             Was a Priest of Uskayaw.
             Slain by a cyan ugly thing (14 damage)
             ... summoned by an orange crystal statue
             ... on level 11 of the Dungeon.
             The game lasted 01:01:19 (13235 turns).

Bacchus the Cleaver (Centaur Gladiator)            Turns: 13235, Time: 01:01:20

Health: -1/79      AC:  9    Str: 24      XL:     11   Next: 18%
Magic:  0/11       EV: 14    Int:  1 (7)  God:    Uskayaw [***...]
Gold:   426        SH:  0    Dex: 13      Spells: 10/10 levels left

rFire    + + .     SeeInvis .   c - +3 battleaxe (chop)
rCold    . . .     Gourm    .   (shield currently unavailable)
rNeg     . . .     Faith    .   v - +3 leather armour {rF+}
rPois    +         Spirit   .   n - +0 helmet
rElec    .         Reflect  .   l - +0 cloak
rCorr    .         Harm     .   (no gloves)
MR       .....                  (no barding)
Stlth    ..........             (no amulet)
HPRegen  0.23/turn              w - +2 ring of dexterity
MPRegen  0.12/turn              G - ring of Ommyesoi {rPois rF+ Str+4}

@: confused, very slightly contaminated, invisible, very quick
A: large, hooves 3, deformed body, speed 2, tough skin 3
a: Stomp, Line Pass, Renounce Religion


You were on level 11 of the Dungeon.
You worshipped Uskayaw.
Uskayaw was noncommittal.
You were not hungry.

You visited 2 branches of the dungeon, and saw 12 of its levels.
You also visited: Sewer.

You collected 553 gold pieces.
You spent 127 gold pieces at shops.

Inventory:

Hand Weapons
 a - a +1 war axe of flaming
 b - a +0 hunting sling
   (You found it on level 1 of the Dungeon)
 c - a +3 battleaxe of chopping (weapon)
   (You took it off a wight on level 9 of the Dungeon)
 u - a +0 broad axe
   (You found it on level 8 of the Dungeon)
Missiles
 d - 3 throwing nets {=f, !d}
 h - 256 stones (quivered)
 p - 14 sling bullets
 r - 19 poisoned needles
 D - 6 curare-tipped needles
Armour
 l - a +0 cloak (worn)
   (You took it off Crazy Yiuf on level 6 of the Dungeon)
 n - a +0 helmet (worn)
 v - a +3 leather armour of fire resistance (worn)
   (You took it off an orc on level 3 of the Dungeon)
Jewellery
 w - a +2 ring of dexterity (left hand)
   (You found it on level 4 of the Dungeon)
 G - the ring of Ommyesoi (right hand) {rPois rF+ Str+4}
   (You found it on level 7 of the Dungeon)

   [ring of protection from fire]

   It affects your strength (+4).
   It protects you from fire.
   It protects you from poison.
Wands
 j - a wand of acid (3)
   (You took it off Ijyb on level 2 of the Dungeon)
 z - a wand of flame (11)
   (You took it off a kobold on level 4 of the Dungeon)
Scrolls
 e - 5 scrolls of enchant armour
 i - 4 scrolls of amnesia
 o - a scroll of fog
 q - 2 scrolls of teleportation {unknown}
 y - 3 scrolls of magic mapping {unknown}
 A - 6 scrolls of remove curse
 C - a scroll of enchant weapon
 I - 2 scrolls of acquirement {unknown}
Potions
 g - a potion of agility {unknown}
 m - 5 potions of ambrosia
 s - a potion of invisibility
 t - 8 potions of heal wounds
 x - a potion of lignification {unknown}
 B - 3 potions of flight
 E - a potion of mutation {!q}
 F - 2 potions of curing {unknown}
 H - 3 potions of haste {unknown}
Miscellaneous
 J - a box of beasts
Comestibles
 f - 21 rations
 k - 3 chunks of flesh {@w0}


   Skills:
 - Level 2.0 Fighting
 + Level 13.1 Axes
 - Level 2.1 Throwing
 - Level 8.0 Dodging


You had 10 spell levels left.
You didn't know any spells.
Your spell library contained the following spells:

 Spells                   Type           Power        Failure   Level  Hunger
 Magic Dart               Conj           #...         63%         1    ##.....
 Sting                    Conj/Pois      #...         63%         1    ##.....
 Blink                    Tloc           N/A          77%         2    ###....
 Call Imp                 Summ           #.......     77%         2    ###....
 Poisonous Vapours        Pois/Air       #.....       77%         2    ###....
 Slow                     Hex            #.......     77%         2    ###....
 Conjure Flame            Conj/Fire      #.......     94%         3    ####...
 Mephitic Cloud           Conj/Pois/Air  #.......     94%         3    ####...
 Olgreb's Toxic Radiance  Pois           #.......     100%        4    #####..
 Venom Bolt               Conj/Pois      #.........   100%        5    ######.


Dungeon Overview and Level Annotations

Branches:
Dungeon (11/15)            Temple (1/1) D:6
   Lair: D:8-11         Orc: D:9-12

Altars:
Ashenzari
Cheibriados
Dithmenos
Elyvilon
Fedhas
Gozag
Hepliaklqana
Kikubaaqudgha
Makhleb
Nemelex Xobeh
Okawaru
Qazlal
Ru
Sif Muna
Trog
Uskayaw
Vehumet
Wu Jian
Xom
Yredelemnul
Zin
The Shining One

Shops:
D:4 [   D:5 *   D:10 (

Annotations:
D:4 2 transporters
D:11 1 runed door, exclusion: 3 orange crystal statues


Innate Abilities, Weirdness & Mutations

You have hooves in place of feet.
Armour fits poorly on your strangely shaped body.
You cover ground very quickly.
You have extremely tough skin. (AC +3)


Message History

You kill the centaur!
The centaur's corpse dissolves into shadows!
You slash the orange crystal statue! You slash the cyan ugly thing!
You closely miss the jelly.
The orange crystal statue fixes its piercing gaze on you.
The orange crystal statue glitters.
You easily resist.
The jelly misses you.
The orange crystal statue fixes its piercing gaze on you.
Something tries to feed on your intellect!
The cyan ugly thing closely misses you.
You slash the jelly!
Your hands burn!
You slash the orange crystal statue! You hit the cyan ugly thing.
The orc shouts!
The orange crystal statue glitters. x2
You are more confused.
The jelly hits you but does no damage.
The orange crystal statue glitters.
The cyan ugly thing misses you.
The orc warrior hits you from afar with a trident!
The acid dragon roars!
Uskayaw will force your foes to helplessly watch your dance.
Uskayaw prepares the audience for your solo!
You take 20 damage, and have 57/79 hp.
MASSIVE DAMAGE!!
You bump into the stone wall.
The orange crystal statue is no longer paralysed. x4
The manticore is no longer paralysed.
The cyan ugly thing is no longer paralysed.
The phantom is no longer paralysed.
The jelly dissolves into shadows!
The orange crystal statue fixes its piercing gaze on you.
You feel dopey. Something feeds on your intellect!
The orange crystal statue fixes its piercing gaze on you.
The orange crystal statue glitters.
You are more confused.
The cyan ugly thing completely misses you.
Unknown command.
You slash the orange crystal statue!
You kick the orange crystal statue, but do no damage.
You hit the orc. You barely miss the cyan ugly thing.
The orc warrior is no longer paralysed.
The orc is no longer paralysed.
The orc priest is no longer paralysed.
The hound is no longer paralysed.
The scorpion is no longer paralysed.
The orc wizard is no longer paralysed. x2
The orc priest is no longer paralysed.
The bullfrog zombie is no longer paralysed.
The acid dragon is no longer paralysed.
The cyan ugly thing punches you! The cyan ugly thing shocks you!
The orc priest mumbles some strange prayers to Beogh against the orange crystal Pain shoots through your body!
The orc warrior completely misses you.
You take 33 damage, and have 24/79 hp.
MASSIVE DAMAGE!!
You hit the orange crystal statue but do no damage.
You kick the orange crystal statue.
You destroy the orange crystal statue!
The orc wizard dissolves into shadows! x2
The orc priest dissolves into shadows!
Your Axes skill increases to level 13!
You miss the phantom. You miss the cyan ugly thing.
The orange crystal statue fixes its piercing gaze on you.
You feel your power leaking away.
The orange crystal statue fixes its piercing gaze on you.
The cyclops throws a large rock.
The large rock hits the scorpion!!
The scorpion dies!
The scorpion's corpse dissolves into shadows!
The large rock dissolves into shadows!
You now have 0/11 mp.
Okay, then.
Unknown command.
Unknown command.
You bump into the stone wall.
The acid dragon roars!
The phantom hits you but does no damage.
The orange crystal statue glitters.
You are more confused.
The orange crystal statue fixes its piercing gaze on you.
Something tries to feed on your intellect!
The cyan ugly thing punches you but does no damage.
The orc barely misses you. The orc warrior closely misses you.
You hit the cyan ugly thing but do no damage.
Your kick misses the cyan ugly thing. You closely miss the phantom.
You hit the orc.
The acid dragon roars!
The phantom completely misses you.
The orange crystal statue fixes its piercing gaze on you.
Something tries to feed on your intellect!
The cyan ugly thing punches you but does no damage.
The cyclops throws a large rock.
The large rock hits the bullfrog zombie!!
The large rock dissolves into shadows!
The orc warrior barely misses you.
You bump into the stone wall.
The acid dragon roars!
The phantom barely misses you.
The orange crystal statue glitters.
You easily resist.
The orange crystal statue glitters.
You are more confused.
The cyan ugly thing punches you!
* * * LOW HITPOINT WARNING * * *
The cyan ugly thing shocks you!
You die...

#
#.......#.............#..
#
#...........#########...
#......#.#..#8.....8#...#
#......#.#..#.#...#.#...#
####...#....#.......#...#
#...##...'..C[...+.#.#
######...#oo.Z{..#...#
######..#u#oHo#.#...#####
........#.@W.D.8#........
........#########.#.#####
######...........(#.#
#...##..#รท#### #
#.........#.......#
............#.......#
#.#.................# .
#..#<..$..........#
#..#...............


You could see 3 orange crystal statues, a cyan ugly thing, a manticore
(wandering), a cyclops, a phantom, an orc warrior, an acid dragon (wandering),
an orc priest, an orc wizard and a bullfrog zombie (wandering).

Vanquished Creatures
  A hydra (D:11)
  An unseen horror (D:9)
  An orange crystal statue (D:11)
  A cyclops (D:11)
  A manticore (D:11)
  A troll (D:10)
  4 slime creatures (D:10)
  4 hogs (D:9)
  A human (D:9)
  Grum (D:9)
  A hungry ghost (D:7)
  A hornet zombie (D:6)
  2 orc warriors
  4 ice beasts
  2 necrophages
  A black bear (D:11)
  2 phantoms
  2 wolves (D:9)
  4 ogres
  A centaur (D:5)
  5 bullfrogs
  2 big kobolds
  A wyvern skeleton (D:10)
  4 scorpions
  13 wights
  2 howler monkeys
  5 crimson imps
  2 bullfrog zombies
  A centaur skeleton (D:11)
  A jelly (D:5)
  2 bullfrog skeletons (D:5)
  A centaur zombie (D:5)
  5 hounds
  4 orc priests
  Crazy Yiuf (D:6)
  11 orc wizards
  3 iguanas
  Ijyb (D:2)
  Terence (D:2)
  6 worker ants
  2 hound zombies
  2 hound skeletons
  A howler monkey zombie (D:9)
  2 worker ant zombies
  15 gnolls
  A howler monkey skeleton (D:7)
  5 adders
  2 river rats (Sewer)
  4 shadow imps
  An ooze (D:3)
  2 adder skeletons (D:4)
  2 worms
  3 dart slugs
  7 leopard geckos
  62 orcs
  4 bats
  8 giant cockroaches
  7 goblins
  7 hobgoblins
  9 jackals
  15 kobolds
  7 quokkas
  5 frilled lizards (D:1)
  A jackal skeleton (D:4)
  A quokka skeleton (D:5)
  12 rats
  A butterfly (D:6)
295 creatures vanquished.

Notes
Turn   | Place    | Note
-------+----------+-------------------------------------------
     0 | D:1      | Bacchus the Centaur Gladiator began the quest for the Orb.
     0 | D:1      | Reached XP level 1. HP: 17/17 MP: 1/1
     0 | D:1      | Bacchus: Best practices would be polearms.
    30 | D:1      | Toan: yea but for uska? tank up and use axes
    37 | D:1      | Toan: or longswords, or stab
    49 | D:1      | Bacchus: ??stabbing
    49 | D:1      | beem: stabbing[1/5]: A stab with a short blade does
                  | increased damage: (dam+bonus)*mult, where bonus depends on
                  | your dex as well as your stealth and weapon skills and is
                  | capped at 30, and mult depends on your stealth/weapon
                  | skills and the type of stab (sleep/paralysis is best).
                  | Non-short blades don't get a bonus and have lower mult.
                  | Daggers get bonus doubled (but still capped at 30).
   117 | D:1      | Reached skill level 3 in Axes
   169 | D:1      | Reached XP level 2. HP: 20/24 MP: 2/2
   594 | D:2      | Reached XP level 3. HP: 29/29 MP: 3/3
   736 | D:2      | Reached skill level 4 in Axes
  1249 | D:2      | Reached XP level 4. HP: 36/36 MP: 4/4
  1479 | D:2      | Toan: tbh, if you set your autofight stop high enough, you
                  | can just hold tab the entire time huh. hahaha
  1532 | D:2      | Bacchus: Yes.
  1532 | D:2      | Bacchus: The default will get you killed.
  1619 | D:2      | Toan: what's default anyway? 50?
  1621 | D:2      | Bacchus: Yes.
  1621 | D:2      | Toan: I've got it at 70, but for uska, I feel like I want
                  | it to be 85 or 90
  1621 | D:2      | Bacchus: Which is very dumb for new players to Crawl.
  1648 | D:2      | Toan: I didn't realise tab was an attack button until I
                  | spent a day or two playing and at that point, got around to
                  | reading things
  1653 | D:2      | Toan: too used to other roguelikes
  2077 | D:3      | Reached skill level 5 in Axes
  2259 | D:3      | Reached XP level 5. HP: 29/41 MP: 5/5
  2662 | D:3      | Toan: heh, died because I went for a high risk play
  2664 | D:3      | Toan: that was kinda fun
  2810 | D:3      | Bacchus: What did you do?
  2875 | D:3      | Noticed Ijyb
  2876 | D:3      | Bacchus: Argh.
  2876 | D:3      | Bacchus: ??Ijyb
  2876 | D:3      | beem: ijyb[1/2]: Unique goblin. Level is hers! All hers!
                  | she chop your head off! Especially if she spawns with a
                  | wand - of all the uniques with less than 5 HD, and of all
                  | the D:2 uniques, she's the only one that can spawn with a
                  | high-tier wand (acid, lightning, paralysis).
  2876 | D:3      | Bacchus: @?ijyb
  2876 | D:3      | beem: Ijyb (g)
                  | Spd:
    10 | HD: 3    | HP: 19-27
                  | AC/EV: 7/11
                  | | Dam: 4
                  | weapons, items, doors
                  | Res: magic(10)
                  | XP: 36
                  | | Sz: small
                  | Int: human.
  2876 | D:3      | Toan: orc mines, got max piety and then blew up an orc high
                  | priest
  2881 | D:3      | Toan: but somehow took 5 smites or something
  2884 | D:3      | Toan: so 100 to 5 in one turn
  2888 | D:3      | Noticed Terence
  2908 | D:2      | Killed Terence
  2908 | D:2      | Reached skill level 6 in Axes
  2912 | D:2      | Toan: i regret nothing. it's called grand finale for a
                  | reason
  2912 | D:2      | Bacchus: lol
  2948 | D:2      | Killed Ijyb
  2948 | D:2      | Reached XP level 6. HP: 42/48 MP: 6/6
  3003 | D:3      | Found a shimmering altar of Xom.
  3004 | D:3      | Found a hazy altar of Hepliaklqana.
  3005 | D:3      | Noticed a spectral ugly thing
  3397 | D:4      | Found Vavvurch's Antique Armour Shop.
  3432 | D:4      | Found a transporter.
  3663 | D:4      | Found a radiant altar of Vehumet.
  3840 | D:4      | Found a sparkling altar of Nemelex Xobeh.
  3870 | D:4      | Reached skill level 7 in Axes
  3930 | D:4      | Found a shadowy altar of Dithmenos.
  3942 | D:4      | Reached XP level 7. HP: 49/55 MP: 7/7
  4017 | D:4      | Found a transporter.
  4064 | D:4      | Bacchus: Bah.
  4065 | D:5      | Entered Level 5 of the Dungeon
  4069 | D:5      | Toan: it's ok, you're a speedy centaur
  4129 | D:5      | Found a sacrificial altar of Ru.
  4164 | D:5      | HP: 8/55 [iguana (8)]
  4168 | D:5      | Reached skill level 8 in Axes
  4275 | D:5      | Found Cehusotu's Assorted Antiques.
  4295 | D:5      | Bought 2 scrolls labeled QEFAGA QARRIH for 52 gold pieces
  4295 | D:5      | Bought an amethyst potion for 23 gold pieces
  4295 | D:5      | Bought a scroll of identify for 52 gold pieces
  4343 | D:5      | Found a glowing drain.
  4520 | Sewer    | Entered a sewer
  4747 | Sewer    | Found a white marble altar of Elyvilon.
  4915 | D:5      | Reached XP level 8. HP: 59/61 MP: 8/8
  4927 | D:5      | Reached skill level 9 in Axes
  5345 | D:5      | You fall through a shaft!
  5404 | D:6      | Reached skill level 10 in Axes
  5413 | D:6      | HP: 15/61 [hornet zombie (8)]
  5505 | D:6      | Reached skill level 3 in Dodging
  5532 | D:6      | Found a glowing golden altar of the Shining One.
  5544 | D:6      | Toan: what was in temple
  5545 | D:6      | Toan: ?
  5550 | D:6      | Bacchus: I haven't found it yet.
  5566 | D:6      | Found a shattered altar of Ashenzari.
  5568 | D:6      | Toan: oh unlucky
  5574 | D:6      | Bacchus: I have found a shaft, however.
  5574 | D:6      | Bacchus: By stepping in it.
  5766 | D:6      | Reached skill level 4 in Dodging
  5767 | D:6      | Toan: heh
  6032 | D:6      | Found an ornate altar of the Wu Jian Council.
  6056 | D:6      | Found a staircase to the Ecumenical Temple.
  6081 | Temple   | Entered the Ecumenical Temple
  6265 | Temple   | Bacchus: Motherfuck.
  6265 | Temple   | Toan: awwww
  6295 | Temple   | Toan: change of plans perhaps
  6295 | Temple   | Toan: is Ely fun?
  6295 | Temple   | Bacchus: I don't know.
  6295 | Temple   | Bacchus: Thinking taking one of the good gods and
                  | switching.
  6295 | Temple   | Bacchus: They don't get angry unless you pick an evil god
                  | or in the case of Zin, a chaotic god.
  6295 | Temple   | Bacchus: ??Dithmenos
  6295 | Temple   | beem: dithmenos[1/3]: God of shadows. Grants the player an
                  | {umbra} at * piety ala TSO's halo, {shadow step} at **
                  | piety, {bleed smoke} at *** piety, a passive {shadow
                  | mimic}king your actions at **** piety, and {shadow form} at
                  | ***** piety.
  6295 | Temple   | Toan: true.
  6295 | Temple   | Toan: centaur's have -stealth remember
  6295 | Temple   | Bacchus: Dithmenos didn't used to be evil.
  6299 | Temple   | Became a worshipper of Elyvilon the Healer
  6458 | D:6      | Got an encrusted mace
  6460 | D:6      | Identified the +9 mace of Outrage {crush, rC+ Int-4 Dex+6}
                  | (You found it on level 6 of the Dungeon)
  6461 | D:6      | Found a runed door.
  6465 | D:6      | Noticed Crazy Yiuf
  6466 | D:6      | Toan: yea, and hated fire or something
  6468 | D:6      | Bacchus: Yes.
  6469 | D:6      | Killed Crazy Yiuf
  6586 | D:6      | Reached XP level 9. HP: 67/67 MP: 9/9
  6808 | D:6      | Reached * piety under Elyvilon
  6938 | D:7      | Reached skill level 5 in Dodging
  7092 | D:7      | Got a crude brass ring
  7094 | D:7      | Identified the ring of Ommyesoi {rPois rF+ Str+4} (You
                  | found it on level 7 of the Dungeon)
  7095 | D:7      | Bacchus: Sweet.
  7393 | D:7      | Reached ** piety under Elyvilon
  7435 | D:7      | HP: 5/67 [orc warrior/+0 long sword (22)]
  7438 | D:7      | Toan: I looked away for a moment and you nearly die? xD
  7742 | D:7      | Reached skill level 6 in Dodging
  7819 | D:7      | Bacchus: Orc warriors are scary.
  7819 | D:7      | Toan: true
  7846 | D:7      | Found an ancient bone altar of Kikubaaqudgha.
  8385 | D:8      | Toan: wow D2 Hep and Uska and Sigmund
  8385 | D:8      | Toan: as a FoFi
  8386 | D:8      | Toan: I would have been happy with either
  8386 | D:8      | Bacchus: Very nice.
  8391 | D:8      | Toan: now I'm not sure which one I want
  8528 | D:8      | Reached skill level 7 in Dodging
  8985 | D:9      | Found a stormy altar of Qazlal.
  8999 | D:9      | Noticed Grum
  9000 | D:9      | Bacchus: Ugh Grum.
  9002 | D:9      | Toan: is grum fast?
  9003 | D:9      | Toan: ??grum
  9004 | D:9      | beem: grum[1/1]: Unique gnoll. Comes with wolves. Same
                  | damage as an orc warrior. Aw!
  9004 | D:9      | Bacchus: No.
  9047 | D:9      | Reached *** piety under Elyvilon
  9054 | D:9      | Bacchus: ??Elvilon
  9054 | D:9      | beem: Elvilon ~ elyvilon[1/4]: The divinity of healing.
                  | Most reliable source of protection from being killed (see
                  | {divine protection}), but will impose penance (i.e. not
                  | answer your requests for help) if you kill living creatures
                  | while invoking said protection. Provides healing
                  | invocations, but dislikes cannibalism, the use of
                  | necromancy, and allowing allies to die.
  9054 | D:9      | Bacchus: ??elyvilon[2
  9054 | D:9      | beem: elyvilon[2/4]: Elyvilon grants piety for exploring
                  | the dungeon. This piety can be used for: self-healing,
                  | monster {pacification}, {purification}, {divine vigour},
                  | {divine protection}.
  9054 | D:9      | Bacchus: I suppose I could use her for Lair to wipe out
                  | hydras.
  9066 | D:9      | Toan: phew. I got lucky with immolation and killed sigmund,
                  | jessica and a worm
  9072 | D:9      | Toan: hit that 5%
  9234 | D:9      | Found a hide-covered altar of Uskayaw.
  9237 | D:9      | Bacchus: Finally.
  9237 | D:9      | Toan: heh
  9242 | D:9      | Toan: got a wand of digging?
  9245 | D:9      | Bacchus: No.
  9245 | D:9      | Found a glowing silver altar of Zin.
  9247 | D:9      | Toan: mmmk
  9619 | D:9      | Reached XP level 10. HP: 38/73 MP: 10/10
  9620 | D:9      | Bacchus: Oh hel.
  9620 | D:9      | Bacchus: Hell.
  9620 | D:9      | Bacchus: Didn't see I'd picked up the broad axe.
  9620 | D:9      | Toan: war of flaming is fine though?
  9620 | D:9      | Bacchus: For now, sure.
  9620 | D:9      | Toan: you need it for hydra anyway
  9620 | D:9      | Bacchus: ??broad axe
  9620 | D:9      | beem: broad axe[1/2]: (axes; -2 acc / 13 dam / 1.6 base
                  | delay / 0.7 min delay). A war axe improved with langets,
                  | spikes, a lengthed haft and a single-bladed crescent head.
                  | The largest one handed axe.
  9620 | D:9      | Bacchus: ??battleaxe
  9620 | D:9      | beem: battleaxe[1/1]: (axes; -4 acc / 15 dam / 1.7 base
                  | delay / 0.7 min delay; two handed). A large war axe with a
                  | formidable double-sided head.
  9620 | D:9      | Bacchus: !apt ce
  9620 | D:9      | beem: Ce: Fighting: 0, Short: -1, Long: -1, Axes: -1,
                  | Maces: -1, Polearms: -1, Staves: -1, Slings: 1, Bows: 3,
                  | Xbows: 1, Throw: 1, Armour: -3*, Dodge: -3*, Stealth: -4,
                  | Shields: -3*, UC: 0, Splcast: -3, Conj: -1, Hexes: -1,
                  | Charms: -1, Summ: -1, Nec: -1, Tloc: -1, Tmut: -1, Fire:
                  | -1, Ice: -1, Air: -1, Earth: -1, Poison: -2, Inv: 1, Evo:
                  | -1, Exp: -1, HP: 1, MP: 0
  9788 | D:9      | Killed Grum
  9788 | D:9      | Reached skill level 8 in Dodging
  9788 | D:9      | Toan: -1 is acceptable I think
  9794 | D:9      | Bacchus: I've read on the tavern that even -2 isn't
                  | unbearable, if you're not training a lot of them.
  9922 | D:9      | HP: 14/73 [hog (11)]
 10442 | D:9      | HP: 18/73 [something (8)]
 10445 | D:9      | Killed an unseen horror
 10445 | D:9      | Reached skill level 11 in Axes
 10843 | D:9      | Toan: sounds about right
 10863 | D:10     | Entered Level 10 of the Dungeon
 11742 | D:10     | Noticed a gargoyle
 12138 | D:10     | Reached skill level 12 in Axes
 12404 | D:10     | Found Natsais's Antique Weapon Shoppe.
 12501 | D:10     | Reached **** piety under Elyvilon
 12514 | D:9      | Fucking finally.
 12524 | D:9      | Fell from the grace of Elyvilon
 12524 | D:9      | Became a worshipper of Uskayaw the Reveler
 12570 | D:10     | Reached * piety under Uskayaw
 12728 | D:11     | Noticed a manticore
 12732 | D:11     | Reached ** piety under Uskayaw
 12733 | D:11     | Noticed a four-headed hydra
 12734 | D:11     | Killed a manticore
 12734 | D:11     | Reached *** piety under Uskayaw
 12889 | D:11     | Killed a one-headed hydra
 12889 | D:11     | Reached XP level 11. HP: 63/79 MP: 11/11
 12981 | D:11     | Noticed an orange crystal statue
 12986 | D:11     | Found a runed door.
 12987 | D:11     | Found the +10 large shield of Ignorance {rN+ Int-4}
 13035 | D:11     | Found a runed door.
 13213 | D:11     | Noticed an orange crystal statue
 13213 | D:11     | Noticed an orange crystal statue
 13213 | D:11     | Noticed an orange crystal statue
 13220 | D:11     | Noticed a cyan ugly thing
 13232 | D:11     | Killed an orange crystal statue
 13232 | D:11     | Reached skill level 13 in Axes
 13235 | D:11     | HP: 13/79 [cyan ugly thing[an orange crystal statue] (12)]
 13235 | D:11     | Slain by a cyan ugly thing

Vault maps used:
D:1:      dpeg_arrival_stone_temple_mockup, nrook_loot_triangle
D:3:      regret_index_temple_of_mockery, uniq_terence, uniq_ijyb
D:4:      gammafunk_steamed_eel, kennysheep_mini, vehumet_altar_wand_db,
          grunt_dithmenos_shadows, first_ration, serial_shops, shop
D:5:      nicolae_ru_path_of_blood, serial_shops, shop, gup_sewer_entry_glass,
          grunt_ministairs_1
D:6:      marbit_many_paths, lemuel_round_altar,
          minmay_temple_entry_butterflies, cheibrodos_ashenzari_chains,
          uniq_crazy_yiuf_cottage
D:7:      kennysheep_little_box
D:9:      lemuel_crystal_altar, grunt_qazlal_clouds,
          nicolae_overflow_hidden_temple, grunt_livestock, uniq_grum
D:10:     serial_shops, shop, grunt_ministairs_7
D:11:     lair_entry_dummy, chequers_guarded_unrand_ignorance
Temple:   dpeg_chambers_temple
Sewer:    sewer_kobolds

Skill      XL: |  1  2  3  4  5  6  7  8  9 10 11 |
---------------+----------------------------------+-----
Axes           | 3 4 5 6 7 8 10 12 13 | 13.1
Dodging        | 4 7 8 |  8.0
Fighting       | |  2.0
Throwing       | |  2.1

Action                   |  1- 3 |  4- 6 |  7- 9 | 10-12 || total
-------------------------+-------+-------+-------+-------++-------
Melee: War axe           |    43 |   128 |   355 |   174 ||   700
       Kick              |     4 |    27 |    85 |    79 ||   195
       Battleaxe         |       |       |       |    27 ||    27
 Fire: Hunting sling     |    63 |    89 |    41 |     1 ||   194
Throw: Stone             |     1 |    13 |    32 |     6 ||    52
Invok: Lesser Healing    |       |       |     1 |     6 ||     7
       Line Pass         |       |       |       |     1 ||     1
Evoke: Wand              |       |       |     1 |     3 ||     4
  Use: Potion            |     2 |     2 |     3 |     1 ||     8
       Scroll            |       |       |    15 |     1 ||    16
 Stab: Paralysed         |       |       |       |     2 ||     2
  Eat: Chunk             |       |     8 |    15 |     7 ||    30
       Ration            |       |       |       |     2 ||     2
Armor: Leather armour    |    19 |    18 |   101 |    49 ||   187
       Ring mail         |     7 |    24 |       |       ||    31
Dodge: Dodged            |    27 |    87 |   148 |   139 ||   401

Table legend:
 A = Non-vault XP
 B = Vault XP
 C = Vault XP percentage of total XP
 D = Non-vault monster count
 E = Vault monster count
 F = Vault count percentage of total count
                 A         B        C        D         E       F
            +---------+---------+-------+---------+---------+-------
      Total |   10129 |    2886 |  22.2 |     235 |      59 |  20.1
            +---------+---------+-------+---------+---------+-------
        D:1 |      34 |       0 |   0.0 |      20 |       0 |   0.0
        D:2 |     120 |      72 |  37.5 |      24 |       2 |   7.7
        D:3 |     185 |       0 |   0.0 |      26 |       0 |   0.0
        D:4 |     254 |     126 |  33.2 |      20 |       2 |   9.1
        D:5 |     953 |      24 |   2.5 |      27 |       6 |  18.2
        D:6 |     914 |      44 |   4.6 |      26 |       2 |   7.1
        D:7 |    1035 |       0 |   0.0 |      22 |       0 |   0.0
        D:8 |     723 |       0 |   0.0 |      18 |       0 |   0.0
        D:9 |    1596 |    1391 |  46.6 |      25 |       8 |  24.2
       D:10 |    1986 |     408 |  17.0 |      17 |      28 |  62.2
       D:11 |    2329 |     692 |  22.9 |      10 |       1 |   9.1
      Sewer |       0 |     129 | 100.0 |       0 |      10 | 100.0
            +---------+---------+-------+---------+---------+-------

Vault maps used:
D:1:      dpeg_arrival_stone_temple_mockup, nrook_loot_triangle
D:3:      regret_index_temple_of_mockery, uniq_terence, uniq_ijyb
D:4:      gammafunk_steamed_eel, kennysheep_mini, vehumet_altar_wand_db,
          grunt_dithmenos_shadows, first_ration, serial_shops, shop
D:5:      nicolae_ru_path_of_blood, serial_shops, shop, gup_sewer_entry_glass,
          grunt_ministairs_1
D:6:      marbit_many_paths, lemuel_round_altar,
          minmay_temple_entry_butterflies, cheibrodos_ashenzari_chains,
          uniq_crazy_yiuf_cottage
D:7:      kennysheep_little_box
D:9:      lemuel_crystal_altar, grunt_qazlal_clouds,
          nicolae_overflow_hidden_temple, grunt_livestock, uniq_grum
D:10:     serial_shops, shop, grunt_ministairs_7
D:11:     lair_entry_dummy, chequers_guarded_unrand_ignorance
Temple:   dpeg_chambers_temple
Sewer:    sewer_kobolds

Table legend:
 A = Turns spent in this place as a percentage of turns spent in the entire game.
 B = Non-inter-level travel turns spent in this place as a percentage of non-inter-level travel turns spent in the entire game.
 C = Inter-level travel turns spent in this place as a percentage of turns spent in this place.
 D = Turns resting spent in this place as a percentage of non-inter-level travel turns spent in this place.
 E = Turns spent auto-exploring this place as a percentage of non-inter-level travel turns spent in this place.
 F = Non-inter-level travel turns spent in this place divided by the number of levels of this place that you've seen.
                   A       B       C       D       E      F
               +-------+-------+-------+-------+-------+----------------------
         Total | 100.0 | 100.0 |   3.1 |  29.9 |  43.0 | 986.4
       Dungeon |  96.1 |  96.2 |   2.9 |  30.1 |  42.4 | 1121.9
        Temple |   1.8 |   1.5 |  16.8 |   0.0 |  94.8 | 193.0
         Sewer |   2.2 |   2.3 |   0.0 |  43.9 |  30.1 | 289.0
               +-------+-------+-------+-------+-------+----------------------

Table legend:
 A = Kills in this place as a percentage of kills in entire the game.
 B = Kills by you in this place as a percentage of kills by you in the entire game.
 C = Kills by friends in this place as a percentage of kills by friends in the entire game.
 D = Other kills in this place as a percentage of other kills in the entire game.
 E = Experience gained in this place as a percentage of experience gained in the entire game.
 F = Experience gained in this place divided by the number of levels of this place that you have seen.
                   A       B       C       D       E      F
               +-------+-------+-------+-------+-------+----------------------
         Total | 100.0 | 100.0 |   N/A |   N/A | 100.0 | 1001.2
       Dungeon |  96.6 |  96.6 |   N/A |   N/A |  99.0 | 1171.5
         Sewer |   3.4 |   3.4 |   N/A |   N/A |   1.0 | 129.0
               +-------+-------+-------+-------+-------+----------------------
